 Dungeon Sprint DCSS version 0.18-b1-20-g17449fe (webtiles) character file.

1473 truecrawler the Fencer (level 8, -5/78 (80) HPs)
             Began as a Minotaur Gladiator on May 3, 2016.
             Slain by a death drake (7 damage)
             ... in the Dungeon (Sprint II: "The Violet Keep of Menkaure").
             The game lasted 00:07:40 (1174 turns).

truecrawler the Fencer (Minotaur Gladiator)         Turns: 1174, Time: 00:07:41

HP:   -5/78 (80)    AC:  5    Str: 21    XL:     8   Next: 49%
MP:   7/7           EV: 12    Int:  3    God:
Gold: 95            SH: 15    Dex: 12    Spells: 0 memorised, 7 levels left

rFire  . . .     SeeInvis .     a - +0 long sword
rCold  . . .     Gourm    .     b - +0 leather armour
rNeg   . . .     Faith    .     o - +0 shield {rPois}
rPois  +         Spirit   .     c - +0 hat
rElec  .         Dismiss  .     n - +1 cloak {+Inv}
rCorr  .         Reflect  +     (no gloves)
SustAt .         Harm     .     (no boots)
MR     .....     NoTele   +     p - brooch of Shielding {Reflect SH+8}
Stlth  ++........               (no ring)
                                (no ring)

@: lethally poisoned (-5 -> -64), non-regenerating, diseased, slowed, very slow,
not resistant to hostile enchantments, unstealthy
A: retaliatory headbutt, horns 2, dopey 1
a: Evoke Invisibility


You were in the Dungeon.
You were hungry.

You visited 1 branch You collected 1053 gold pieces.
You spent 958 gold pieces at shops.

Inventory:

Hand Weapons
 a - a +0 long sword (weapon)
 m - a +1 great sword of slicing
Missiles
 l - 27 stones (quivered)
Armour
 b - a +0 leather armour (worn)
 c - a +0 hat (worn)
 n - a +1 cloak of invisibility (worn)
 o - a +0 shield of poison resistance (worn)
Jewellery
 p - the brooch of Shielding (around neck) {Reflect SH+8}
   (You bought it in a shop in the Dungeon)

   [amulet of reflection]

   It shields you and reflects attacks.
   It affects your SH (+8).
Scrolls
 k - a scroll of blinking
Potions
 h - a potion of haste
 i - 2 potions of magic
Comestibles
 f - a bread ration


   Skills:
 - Level 10.5 Fighting
 - Level 17.0 Long Blades
 - Level 2.0 Throwing
 + Level 7.3 Dodging
 * Level 4.4 Stealth


You had 7 spell levels left.
You didn't know any spells.

Dungeon Overview and Level Annotations

Branches:
Dungeon (1/1)

Altars:
Cheibriados
Dithmenos
Elyvilon
Fedhas
Kikubaaqudgha
Makhleb
Nemelex Xobeh
Okawaru
Qazlal
Sif Muna
Trog
Vehumet
Xom
Yredelemnul
Zin
Beogh
Lugonu

Shops:
D =%:!}=:!=([!?[*(

Annotations:
D exclusions: obsidian statue and oklob plant


Innate Abilities, Weirdness & Mutations

You reflexively headbutt those who attack you in melee.
You have a pair of horns on your head.
You are dopey. (Int -2)


Message History

* * * LOW HITPOINT WARNING * * *
The death drake bites you.
* * * LOW HITPOINT WARNING * * *
You barely miss the death drake.
The death drake is severely wounded.
You are engulfed in dark miasma.
You feel your flesh rotting away!
* * * LOW HITPOINT WARNING * * *
x2 You feel very sick.
The death drake bites you but does no damage.
The death drake closely misses you.
You barely miss the death drake.
The death drake is severely wounded.
You are engulfed in dark miasma.
You feel your flesh rotting away!
You feel ill.
* * * LOW HITPOINT WARNING * * *
x2 You feel very sick.
The death drake bites you!
You die...

#≈≈S§§ ##≈S§≈ ≈#§''# ..
≈..... .. .. # ≈≈.##+##..
#. §# ≈≈##...##.#### .##.#
≈≈#..##.# ...# .§.#
######.####..#####§.#
#.###'###.##..#§@k8.#
...##.##...#..#§§#§.# #
.#)'.<.'##.+..####.^##.#
...##.##...#....###...##▓▓
#.###'###.##......≈≈≈≈≈≈≈≈≈
####..#####≈≈.....≈#+######
≈≈#..##.#≈≈≈≈≈≈≈..≈#_._....
#≈##.#.##≈≈≈≈≈≈≈≈.≈#._._...
#≈≈##'##≈§≈≈≈≈≈§≈§≈#_._._..


You could see a death drake and a crystal guardian.

Vanquished Creatures
  A siren (D)
  2 wyverns (D)
  2 neqoxecs (D)
  Menkaure (D)
  A swamp drake (D)
  4 necrophages (D)
  A crocodile (D)
  A scorpion (D)
  3 worms (D)
16 creatures vanquished.

Vanquished Creatures (others)
  2 neqoxecs (D)
  A crocodile (D)
3 creatures vanquished.

Grand Total: 19 creatures vanquished

Notes
Turn   | Place    | Note
--------------------------------------------------------------
     0 | D        | truecrawler the Minotaur Gladiator began the quest for the Orb.
     0 | D        | Reached XP level 1. HP: 18/18 MP: 0/0
     1 | D        | Noticed a siren
    13 | D        | Killed a siren
    13 | D        | Reached skill level 13 in Long Blades
    13 | D        | Reached XP level 2. HP: 23/35 MP: 1/1
    13 | D        | Reached XP level 3. HP: 26/40 MP: 2/2
    13 | D        | Reached XP level 4. HP: 31/48 MP: 3/3
    13 | D        | Reached XP level 5. HP: 35/53 MP: 4/4
    13 | D        | Reached XP level 6. HP: 40/61 MP: 5/5
   119 | D        | Noticed a neqoxec
   121 | D        | Noticed a neqoxec
   122 | D        | Gained mutation: You are dopey. (Int -2) [a neqoxec]
   126 | D        | Killed a neqoxec
   126 | D        | Reached skill level 14 in Long Blades
   133 | D        | Killed a neqoxec
   133 | D        | Reached skill level 15 in Long Blades
   133 | D        | Reached XP level 7. HP: 70/70 MP: 6/6
   138 | D        | Killed a neqoxec
   143 | D        | Killed a neqoxec
   192 | D        | Reached skill level 10 in Fighting
   192 | D        | Reached skill level 16 in Long Blades
   270 | D        | Noticed Menkaure
   274 | D        | Killed Menkaure
   274 | D        | Reached skill level 17 in Long Blades
   276 | D        | Found Sagasiysch's Antique Armour Boutique.
   276 | D        | Found Vealax's Antique Weapon Shop.
   323 | D        | Reached skill level 1 in Stealth
   323 | D        | Reached XP level 8. HP: 32/79 MP: 7/7
   768 | D        | Noticed an obsidian statue
   781 | D        | Found Fyiv's Assorted Antiques.
   782 | D        | Found Nydenuc's Distillery.
   782 | D        | Found Omihub's Magic Scroll Shop.
   783 | D        | Found Ereffi's Antique Weapon Boutique.
   783 | D        | Found Xuacs's Antique Armour Boutique.
   784 | D        | Found Seiguagyta's Distillery.
   798 | D        | Found Kodurch's Jewellery Shop.
   799 | D        | Found Ygoijim's Book Shop.
   799 | D        | Found Orghaett's Jewellery Boutique.
   801 | D        | Found Pon Lek's Gadget Shop.
   801 | D        | Found Vated's Distillery.
   801 | D        | Noticed an oklob plant
   802 | D        | Found Vacsoi's Food Shop.
   802 | D        | Found Fotize's Jewellery Boutique.
   802 | D        | Found Ocezad's Book Shoppe.
   805 | D        | Noticed a hell hog
   808 | D        | Bought a glowing great sword for 175 gold pieces
   813 | D        | Noticed a hell hog
   816 | D        | Bought a glowing cloak for 112 gold pieces
   816 | D        | Bought a potion of heal wounds for 125 gold pieces
   816 | D        | Bought a runed shield for 112 gold pieces
   846 | D        | Bought the brooch of Shielding {Reflect SH+8} for 384 gold pieces
   850 | D        | Bought a potion of heal wounds for 50 gold pieces
   877 | D        | Found a sparkling altar of Nemelex Xobeh.
   877 | D        | Found a deep blue altar of Sif Muna.
   878 | D        | Found an ancient bone altar of Kikubaaqudgha.
   878 | D        | Found a glowing silver altar of Zin.
   878 | D        | Found a corrupted altar of Lugonu.
   879 | D        | Found a basalt altar of Yredelemnul.
   879 | D        | Found a shadowy altar of Dithmenos.
   879 | D        | Found an iron altar of Okawaru.
   880 | D        | Found a radiant altar of Vehumet.
   880 | D        | Found a white marble altar of Elyvilon.
   880 | D        | Found a bloodstained altar of Trog.
   880 | D        | Found a roughly hewn altar of Beogh.
   881 | D        | Found a snail-covered altar of Cheibriados.
   881 | D        | Found a stormy altar of Qazlal.
   882 | D        | Found a shimmering altar of Xom.
   882 | D        | Found a burning altar of Makhleb.
   883 | D        | Found a blossoming altar of Fedhas.
   890 | D        | Reached skill level 5 in Dodging
  1149 | D        | Noticed a death drake
  1158 | D        | Noticed a crystal guardian
  1174 | D        | HP: 2/78 [poisoned by a death drake (dark miasma)]
  1174 | D        | Slain by a death drake

Skill      XL: |  1  2  3  4  5  6  7  8 |
---------------+-------------------------+-----
Fighting       | 8 9 10 | 10.5
Long Blades    | 13 15 17 | 17.0
Dodging        | 4 7 |  7.3
Stealth        | 1 4 |  4.4
Throwing       | |  2.0

Action                   |  1- 3 |  4- 6 |  7- 9 || total
-------------------------+-------+-------+-------++-------
Melee: Long sword        |    10 |    11 |    70 ||    91
       Headbutt          |     1 |     1 |    13 ||    15
Throw: Throwing net      |     1 |       |     3 ||     4
  Use: Potion            |       |     1 |     4 ||     5
 Stab: Held in net/web   |     1 |       |       ||     1
  Eat: Chunk             |       |       |     1 ||     1
Armor: Leather armour    |       |       |     5 ||     5
Dodge: Dodged            |       |     2 |    20 ||    22
Block: Shield            |       |       |    16 ||    16
